 Dungeon Crawl Stone Soup version 0.29-a0-1023-g6ae1a4a2c7 (webtiles) character file.

Game seed: 2944370848914648559

72 BritishOli the Trooper (level 4, 35/35 HPs)
             Began as a Demonspawn Fighter on Aug 11, 2022.
             Got out of the dungeon alive.
             The game lasted 00:02:08 (2181 turns).

BritishOli the Trooper (Demonspawn Fighter)         Turns: 2181, Time: 00:02:08

Health: 35/35      AC:  8    Str: 18    XL:     4   Next: 7%
Magic:  4/4        EV:  9    Int: 10    God:
Gold:   162        SH:  4    Dex: 12    Spells: 3/3 levels left

rFire   . . .      SeeInvis .   a - +0 long sword
rCold   . . .      Faith    .   c - +0 buckler
rNeg    . . .      Spirit   .   b - +0 scale mail
rPois   .          Reflect  .   (helmet restricted)
rElec   .          Harm     .   (no cloak)
rCorr   .          Rampage  .   (no gloves)
Will    .....                   i - +1 pair of boots
Stlth   ..........              (no amulet)
HPRegen 0.11/turn               (no ring)
MPRegen 0.09/turn               (no ring)

@: no status effects
A: horns 1, demonic magic 1
a: no special abilities


You escaped.
You visited 1 branch of the dungeon, and saw 2 of its levels.

You collected 162 gold pieces.

Inventory:

Hand Weapons
 a - a +0 long sword (weapon)
Missiles
 k - a throwing net (quivered)
Armour
 b - a +0 scale mail (worn)
 c - a +0 buckler (worn)
 i - a +1 pair of boots (worn)
Scrolls
 e - a scroll of brand weapon {unknown}
 f - a scroll of poison {unknown}
 j - a scroll of fog {unknown}
 m - a scroll of teleportation {unknown}
Potions
 d - a potion of might
 g - 4 potions of curing {unknown}
 h - a potion of mutation {unknown}
 l - a potion of brilliance {unknown}


   Skills:
 + Level 3.5 Fighting
 + Level 2.5 Long Blades
 + Level 3.1 Armour
 + Level 3.2 Shields


You had 3 spell levels left.
You didn't know any spells.
Your spell library contained the following spells:

 Spells                   Type           Power      Damage    Failure   Level
 Foxfire                  Conj/Fire      0%         2x1d4     83%         1
 Magic Dart               Conj           0%         1d3       83%         1
 Call Imp                 Summ           0%         N/A       93%         2
 Conjure Flame            Conj/Fire      0%         6-21      99%         3
 Gell's Gravitas          Tloc           0%         N/A       99%         3
 Inner Flame              Hex/Fire       0%         N/A       99%         3
 Mephitic Cloud           Conj/Pois/Air  0%         N/A       99%         3
 Teleport Other           Tloc           0%         N/A       99%         3
 Flame Wave               Conj/Fire      0%         2d4       100%        4
 Dispersal                Tloc           0%         N/A       100%        6


Dungeon Overview and Level Annotations

Branches:
Dungeon (2/15)

Altars:

Shops:
D:1 =[[(


Innate Abilities, Weirdness & Mutations

You have a pair of small horns on your head.
Spells you cast may paralyse adjacent enemies.


Message History

No target in view!
Key pressed, stopping explore.
No target in view!
You open the door.
A kobold comes into view. It is wielding a +0 dagger.
The kobold shouts!
Found a large bronze amulet and a hand axe.
There is an open door here.
(D) Dungeon
Where to? (Enter - D:2, ? - help)
A kobold is nearby!
The kobold hits you but does no damage.
You hit the kobold but do no damage. Your headbutt misses the kobold.
The kobold hits you with a +0 dagger. The kobold barely misses you.
You hit the kobold.
You kill the kobold!
No target in view!
No target in view!
No target in view!
(D) Dungeon
Where to? (Enter - D:1, ? - help)
There is an open door here.
You see here a +0 sling.
There is a stone staircase leading up here.
You climb upwards.
There is a stone staircase leading down here.
(D) Dungeon
Where to? (Enter - D:1, ? - help)
Okay, then.
(D) Dungeon
Where to? (Enter - D:1, ? - help)
Okay, then.
There is an open door here.
You see here a stone.
You see here 2 stones.
You see here a stone.
There is an open door here.
There is a staircase leading out of the dungeon here.
Are you sure you want to leave the Dungeon?
This will make you lose the game!
You have escaped!

#..### ########....# # ..8..##
###(.(([####.# # ##>#..#
####..(.(.(((##.# # 8.∩.8.#
#.'...((8(.((.'.# # ##...##
#.##((((.((.)#### # ..8..#
#.####.((..####### #
#...#####.######'###.....# #
###.........##.....##.##.########
#########...#...@...#.##........#
..[.........##.....##.#########.#
#########....#######..# #.#
#######.....##.##.# #.#
#.................# ##..
#.#######...#.############.∩. ###
#.##.........## #...........
..###.##.####....# #.#######.∩.
.......#.# #....## #.# ##)#


There were no monsters in sight!

Vanquished Creatures
  2 adders (D:2)
  A worm (D:2)
  A dart slug (D:1)
  6 bats
  4 endoplasms
  3 giant cockroaches
  7 goblins
  3 hobgoblins (D:1)
  4 kobolds
  A quokka (D:2)
  8 ball pythons
  2 frilled lizards
  3 rats
45 creatures vanquished.

Notes
Turn   | Place    | Note
-------+----------+-------------------------------------------
     0 | D:1      | BritishOli the Demonspawn Fighter began the quest for the
                  | Orb.
     0 | D:1      | Reached XP level 1. HP: 18/18 MP: 1/1
    54 | D:1      | Found Uraesysonk's Antique Armour Shoppe.
   238 | D:1      | Gained mutation: You have a pair of small horns on your
                  | head. [demonic ancestry]
   238 | D:1      | Reached XP level 2. HP: 18/24 MP: 2/2
   459 | D:1      | Found Usoss's Weapon Shoppe.
   491 | D:1      | Found Nurokyc's Armour Shop.
   688 | D:1      | Found Aczua's Jewellery Boutique.
   788 | D:1      | Reached XP level 3. HP: 29/29 MP: 3/3
  1408 | D:2      | Found a faded altar of an unknown god.
  1718 | D:2      | Gained mutation: Spells you cast may paralyse adjacent
                  | enemies. [demonic ancestry]
  1718 | D:2      | Reached XP level 4. HP: 33/35 MP: 4/4
  2181 | D:$      | Got out of the dungeon alive.

Illustrated notes

Levels and vault maps discovered:
D:1:      minmay_arrival_shattered_statue, layout_loops_ring, serial_shops,
          nicolae_shop_statue_plus, nicolae_shop_competitors_out_of_business,
          nicolae_square_shop, nicolae_shop_trees, minmay_close_crescents
D:2:      kennysheep_six_static_rooms, layout_loops_ring,
          hellmonk_ecumenical_altar_inner_sanctum, minmay_misc_feat_hallway,
          nicolae_concentric_dashed_squares_wild

Skill      XL: |  1  2 |
---------------+-------+-----
Long Blades    | 2 |  2.5
Shields        | 3 |  3.2
Armour         | 3 |  3.1
Fighting       | |  3.5

Action                   |  1- 3 |  4- 6 || total
-------------------------+-------+-------++-------
Melee: Long sword        |   132 |     2 ||   134
       Headbutt          |    11 |       ||    11
Armor: Scale mail        |    71 |     1 ||    72
Dodge: Dodged            |    73 |     1 ||    74
Block: Buckler           |    37 |       ||    37

Table legend: (Time is in decaauts)
 A = Elapsed time spent in this place.
 B = Non-inter-level travel time spent in this place.
 C = Inter-level travel time spent in this place.
 D = Time resting spent in this place.
 E = Time spent auto-exploring this place.
 F = Levels seen in this place.
 G = Mean time per level.
                   A        B        C        D        E       F      G
               +--------+--------+--------+--------+--------+-----+--------+
         Total |   2225 |   2099 |    126 |      5 |   1778 |   2 | 1112.5 |
       Dungeon |   2225 |   2099 |    126 |      5 |   1778 |   2 | 1112.5 |
               +--------+--------+--------+--------+--------+-----+--------+

Top non-repeatable levels by time:
     D:2: 1139 daAuts
     D:1: 1086 daAuts
